 Dungeon Crawl Stone Soup version 0.27-a0-1280-g9d2d252d84 (webtiles) character file.

Game seed: 6765689789424136478

5758 Glokmah the Tainter (level 10, -8/68 HPs)
             Began as an Octopode Venom Mage on June 13, 2021.
             Was an Initiate of Gozag.
             Mangled by a slime creature (21 damage)
             ... on level 8 of the Dungeon.
             The game lasted 00:19:29 (12369 turns).

Glokmah the Tainter (Octopode Venom Mage)          Turns: 12369, Time: 00:19:30

Health: -8/68      AC:  1    Str:  7    XL:     10   Next: 78%
Magic:  13/18      EV: 15    Int: 21    God:    Gozag
Gold:   379        SH:  0    Dex: 13    Spells: 6/20 levels left

rFire    . . .     SeeInvis +   a - +1 dagger (venom)
rCold    . . .     Faith    .   (no shield)
rNeg     . . .     Spirit   .   (helmet restricted)
rPois    .         Reflect  .   (no amulet)
rElec    .         Harm     .   j - ring of see invisible
rCorr    .         Rampage  .   (no ring)
Will     .....                  (no ring)
Stlth    +++.......             (no ring)
HPRegen  0.21/turn              (no ring)
MPRegen  0.16/turn              (no ring)
                                (no ring)
                                (no ring)

@: no status effects
A: almost no armour, amphibious, 8 rings, camouflage 1, gelatinous body 1,
(nimble swimmer 1), tentacles
a: Renounce Religion, Potion Petition, Call Merchant, Bribe Branch


You were on level 8 of the Dungeon.
You worshipped Gozag.
Gozag was aware of your devotion.
You visited 2 branches of the dungeon, and saw 9 of its levels.

You collected 1225 gold pieces.
You paid 846 gold pieces to Gozag.

Inventory:

Hand Weapons
 a - a +1 dagger of venom (weapon)
 b - a +2 dagger of draining
 s - a +1 short sword of venom
Missiles
 c - 378 stones
 f - 12 boomerangs
 g - 46 poisoned darts
 l - 3 atropa-tipped darts
 n - 5 throwing nets
Jewellery
 j - a ring of see invisible (left tentacle)
Wands
 e - a wand of digging (5)
 h - a wand of iceblast (13)
 r - a wand of flame (18)
 v - a wand of acid (6)
Scrolls
 i - 7 scrolls of identify
 m - 4 scrolls of teleportation {unknown}
 p - 2 scrolls of magic mapping {unknown}
 t - a scroll of torment {unknown}
 u - 2 scrolls of enchant armour {unknown}
 y - a scroll of blinking {unknown}
Potions
 d - 2 potions of curing
 k - 2 potions of haste
 o - a potion of attraction
 q - a potion of invisibility {unknown}
 w - a potion of berserk rage
 x - a potion of degeneration {unknown}
 z - 2 potions of lignification {unknown}


   Skills:
 + Level 5.8 Fighting
 + Level 6.3 Dodging
 - Level 2.6 Stealth
 + Level 5.9 Spellcasting
 + Level 4.6 Conjurations
 - Level 3.0 Transmutations
 + Level 4.7 Fire Magic
 - Level 3.0 Air Magic
 * Level 10.7 Poison Magic


You had 6 spell levels left.
You knew the following spells:

 Your Spells              Type           Power      Damage    Failure   Level
a - Sting                 Tmut/Pois      100%       1d8       1%          1
b - Poisonous Vapours     Pois/Air       70%        N/A       1%          2
c - Ignite Poison         Fire/Tmut/Pois 32%        N/A       2%          3
d - Mephitic Cloud        Conj/Pois/Air  32%        N/A       2%          3
e - Olgreb's Toxic Radia  Pois           50%        N/A       1%          4
f - Foxfire               Conj/Fire      100%       2x1d9     1%          1

Your spell library contained the following spells:

 Spells                   Type           Power      Damage    Failure   Level
 Conjure Flame            Conj/Fire      26%        6-21      4%          3
 Freeze                   Ice            24%        1d5       10%         1
 Inner Flame              Hex/Fire       16%        N/A       11%         3
 Sticky Flame             Conj/Fire      26%        2d5       14%         4
 Frozen Ramparts          Ice            12%        1d3       30%         3
 Ozocubu's Armour         Ice            6%         N/A       30%         3
 Hailstorm                Conj/Ice       16%        3d6       36%         4
 Fireball                 Conj/Fire      13%        3d7       36%         5
 Metabolic Englaciation   Hex/Ice        3%         N/A       95%         5


Dungeon Overview and Level Annotations

Branches:
Dungeon (8/15)             Temple (1/1) D:4
   Lair: D:8-11

Altars:
Ashenzari
Cheibriados
Dithmenos
Fedhas
Gozag
Hepliaklqana
Kikubaaqudgha
Nemelex Xobeh
Okawaru
Qazlal
Sif Muna
Trog
Uskayaw
Vehumet
Wu Jian
Xom
Yredelemnul
Zin
The Shining One

Shops:
D:7 :


Innate Abilities, Weirdness & Mutations

You cannot wear most types of armour.
You are amphibious.
You can wear up to eight rings at the same time.
Your skin changes colour to match your surroundings (Stealth+).
Your rubbery body absorbs attacks. (AC +1, EV +1)
((You are camouflaged near water. (Stealth+)))
You have tentacles for arms and can constrict up to eight enemies at once.


Message History

You conjure some foxfire!
The foxfire hits the slime creature.
The slime creature is heavily wounded.
The foxfire hits the slime creature.
The slime creature is heavily wounded.
Casting: Foxfire (safe; 1% risk of failure)
Confirm with . or Enter, or press ? or * to list all spells.
You conjure some foxfire!
The foxfire hits the slime creature.
The slime creature is heavily wounded.
The foxfire hits the slime creature!
The slime creature is severely wounded.
You completely miss the slime creature. You squeeze the slime creature.
The slime creature is severely wounded.
The slime creature hits you!
You hit the slime creature but do no damage.
You squeeze the slime creature, but do no damage.
The slime creature is severely wounded.
The slime creature hits you.
Casting: Foxfire (safe; 1% risk of failure)
Confirm with . or Enter, or press ? or * to list all spells.
You conjure some foxfire!
The slime creature hits you!!
You hit the slime creature.
The slime creature is severely wounded.
The foxfire hits the slime creature.
The slime creature is almost dead.
The foxfire hits the slime creature.
The slime creature is almost dead.
The slime creature hits you!
Casting: Foxfire (safe; 1% risk of failure)
Confirm with . or Enter, or press ? or * to list all spells.
You conjure some foxfire!
The slime creature hits you!
* * * LOW HITPOINT WARNING * * *
The foxfire hits the slime creature.
The slime creature is almost dead.
The foxfire hits the slime creature!
The slime creature is almost dead.
The slime creature hits you!!
You die...
Your body crumbles into a pile of gold.

####### ###########
#.....# #..(......#
#.....# #.........#
#.....# #.........#
#.....# #.........#
#.....#######.........#
######.@..........#####
#..J.........#
#............#
#............# ..
#..........).# ...
#..........))######
....
#...#.....#))......
....
#...##...##........
....
....###.###..()....


You could see a slime creature.

Vanquished Creatures
  Harold (D:7)
  Pikel (D:7)
  A cyclops (D:8)
  A hornet (D:6)
  Sigmund (D:3)
  A shadow (D:8)
  Grum (D:8)
  Duvessa (D:7)
  3 water moccasins
  3 orc warriors
  3 black bears
  2 sky beasts
  3 wolves (D:8)
  2 centaurs
  An ogre (D:5)
  A necrophage (D:6)
  A phantom (D:6)
  2 lemures (D:7)
  2 bullfrogs
  4 scorpions
  Dowan (D:7)
  4 howler monkeys
  A centaur zombie (D:5)
  A centaur skeleton (D:7)
  2 gnoll shamans (D:6)
  6 orc priests
  4 hounds
  Crazy Yiuf (D:7)
  Jessica (D:2)
  3 iguanas
  Ijyb (D:2)
  Terence (D:2)
  Natasha (thrice) (D:2)
  8 orc wizards
  2 killer bee zombies
  A hound zombie (D:5)
  3 hound skeletons (D:4)
  16 gnolls
  2 adders
  A white imp (D:6)
  An adder skeleton (D:4)
  A worm (D:2)
  28 orcs
  4 ball pythons
  3 endoplasms
  3 giant cockroaches
  15 goblins
  8 hobgoblins
  2 jackals (D:1)
  6 bats
  3 frilled lizards
  7 kobolds
  8 rats
186 creatures vanquished.

Vanquished Creatures (others)
  44 foxfires
44 creatures vanquished.

Grand Total: 230 creatures vanquished

Notes
Turn   | Place    | Note
-------+----------+-------------------------------------------
     0 | D:1      | Glokmah the Octopode Venom Mage began the quest for the
                  | Orb.
     0 | D:1      | Reached XP level 1. HP: 11/11 MP: 3/3
   219 | D:1      | Reached XP level 2. HP: 18/18 MP: 5/5
   228 | D:1      | Learned a level 2 spell: Poisonous Vapours
   429 | D:1      | You fall into a shaft and drop 1 floor!
   460 | D:1      | Found a faded altar of an unknown god.
   530 | D:1      | Reached skill level 4 in Poison Magic
   985 | D:2      | Noticed Jessica
   992 | D:2      | Killed Jessica
   993 | D:2      | Reached skill level 1 in Fighting
   993 | D:2      | Reached XP level 3. HP: 15/23 MP: 0/6
  1224 | D:2      | Learned a level 3 spell: Ignite Poison
  1546 | D:2      | Noticed Natasha
  1552 | D:2      | Killed Natasha
  1553 | D:2      | Reached skill level 1 in Air Magic
  1553 | D:2      | Reached XP level 4. HP: 28/28 MP: 2/7
  1603 | D:2      | Noticed Terence
  1608 | D:2      | Killed Terence
  1796 | D:2      | Noticed Ijyb
  1815 | D:2      | Killed Ijyb
  1816 | D:2      | Reached XP level 5. HP: 19/33 MP: 0/8
  2402 | D:2      | Learned a level 3 spell: Mephitic Cloud
  2481 | D:2      | Noticed Natasha
  2484 | D:2      | Killed Natasha
  2485 | D:2      | Reached skill level 5 in Poison Magic
  2950 | D:2      | Noticed Natasha
  2954 | D:2      | Killed Natasha
  3050 | D:3      | Noticed Sigmund
  3053 | D:3      | Killed Sigmund
  3054 | D:3      | Reached XP level 6. HP: 39/39 MP: 2/10
  3776 | D:3      | Reached skill level 1 in Conjurations
  4358 | D:4      | Reached skill level 1 in Fire Magic
  4358 | D:4      | Reached XP level 7. HP: 45/45 MP: 6/11
  4544 | D:4      | Found a staircase to the Ecumenical Temple.
  4690 | Temple   | Entered the Ecumenical Temple
  4697 | Temple   | Became a worshipper of Gozag Ym Sagoz the Greedy
  4912 | D:4      | Reached skill level 6 in Poison Magic
  5711 | D:4      | Found the +10 tower shield of Ignorance {rN+ Int-4}
  5859 | D:5      | Entered Level 5 of the Dungeon
  6266 | D:5      | Reached XP level 8. HP: 51/51 MP: 2/13
  6350 | D:5      | Learned a level 4 spell: Olgreb's Toxic Radiance
  7396 | D:6      | Reached skill level 7 in Poison Magic
  7673 | D:6      | Noticed a hornet
  7677 | D:6      | Killed a hornet
  7678 | D:6      | Reached XP level 9. HP: 41/57 MP: 0/15
  8005 | D:6      | Reached skill level 8 in Poison Magic
  8159 | D:6      | Found an ancient bone altar of Kikubaaqudgha.
  9175 | D:6      | Reached skill level 5 in Dodging
  9469 | D:7      | Learned a level 1 spell: Foxfire
  9589 | D:7      | Reached skill level 9 in Poison Magic
  9688 | D:7      | Noticed Duvessa
  9689 | D:7      | Noticed Dowan
  9692 | D:7      | Killed Dowan
  9692 | D:7      | Killed Duvessa
  9693 | D:7      | Reached skill level 5 in Spellcasting
  9801 | D:7      | Found a runed translucent door.
  9803 | D:7      | Noticed Crazy Yiuf
  9809 | D:7      | Killed Crazy Yiuf
 10076 | D:7      | Noticed Pikel
 10079 | D:7      | Killed Pikel
 10417 | D:7      | Noticed Harold
 10436 | D:7      | Killed Harold
 10437 | D:7      | Reached skill level 5 in Fighting
 10437 | D:7      | Reached XP level 10. HP: 43/66 MP: 1/18
 10459 | D:7      | Reached skill level 10 in Poison Magic
 11993 | D:8      | Noticed Grum
 11997 | D:8      | Killed Grum
 12139 | D:8      | Noticed a cyclops
 12144 | D:8      | Killed a cyclops
 12369 | D:8      | Mangled by a slime creature

Illustrated notes

Levels and vault maps discovered:
D:1:      dpeg_arrival_rhombus, layout_basic, serial_forest,
          infiniplex_forest_lined_2, infiniplex_forest_clump_medium,
          infiniplex_forest_clump_curved, infiniplex_forest_clump_small,
          infiniplex_forest_split, infiniplex_forest_clump_long,
          shapermc_ecumenical_altar_venn, chequers_serial_rivers_micro_c
D:2:      kennysheep_the_goblin_king, layout_loops_corners, uniq_terence,
          uniq_jessica, uniq_natasha
D:3:      layout_loops_ring, uniq_sigmund
D:4:      layout_loops_cross, minmay_temple_entry_enclosed_plants,
          minmay_goblin_kobold_house
D:5:      layout_basic
D:6:      layout_cave_pods, amcnicky_altar_gilded, hangedman_decor_push
D:7:      layout_basic, minivault_24, uniq_harold, uniq_pikel, uniq_duvessa,
          uniq_crazy_yiuf_cottage
D:8:      layout_gridville, kb_rosetta, uniq_grum
Temple:   nicolae_temple_no_exploring_needed

Skill      XL: |  1  2  3  4  5  6  7  8  9 10 |
---------------+-------------------------------+-----
Poison Magic   | 4 5 6 7 9 10 | 10.7
Fighting       | 1 2 3 5 |  5.8
Air Magic      | 1 2 3 |  3.0
Transmutations | 2 3 |  3.0
Dodging        | 3 4 5 6 |  6.3
Spellcasting   | 3 4 5 |  5.9
Conjurations   | 1 2 3 4 |  4.6
Fire Magic     | 1 2 3 4 |  4.7
Stealth        | |  2.6

Action                   |  1- 3 |  4- 6 |  7- 9 | 10-12 || total
-------------------------+-------+-------+-------+-------++-------
Melee: Dagger            |    24 |    29 |    59 |     6 ||   118
       Constrict         |     5 |     4 |    11 |     2 ||    22
       Tentacles         |       |     2 |     7 |     5 ||    14
       Short sword       |       |       |     6 |     6 ||    12
 Cast: Sting             |    12 |    29 |    40 |       ||    81
       Poisonous Vapours |    15 |    26 |    38 |    20 ||    99
       Ignite Poison     |       |     6 |    36 |    10 ||    52
       Mephitic Cloud    |       |     1 |    17 |       ||    18
       Olgreb's Toxic Ra |       |       |    14 |     9 ||    23
       Foxfire           |       |       |     6 |    19 ||    25
Invok: Call Merchant     |       |       |     1 |       ||     1
  Use: Scroll            |       |     5 |     4 |       ||     9
 Stab: Sleeping          |     2 |       |       |       ||     2
       Distracted        |       |       |       |     1 ||     1
Armor: Skin              |     2 |     3 |     7 |       ||    12
Dodge: Dodged            |    12 |    24 |    89 |    19 ||   144

Table legend: (Time is in decaauts)
 A = Elapsed time spent in this place.
 B = Non-inter-level travel time spent in this place.
 C = Inter-level travel time spent in this place.
 D = Time resting spent in this place.
 E = Time spent auto-exploring this place.
 F = Levels seen in this place.
 G = Mean time per level.
                   A        B        C        D        E       F      G
               +--------+--------+--------+--------+--------+-----+--------+
         Total |  12382 |  11516 |    866 |   2084 |   7857 |   9 | 1375.8 |
       Dungeon |  12367 |  11507 |    860 |   2084 |   7857 |   8 | 1545.9 |
        Temple |     14 |      8 |      6 |      0 |      0 |   1 |   14.0 |
               +--------+--------+--------+--------+--------+-----+--------+

Top non-repeatable levels by time:
     D:6: 2249 daAuts
     D:2: 2173 daAuts
     D:7: 1683 daAuts
     D:4: 1645 daAuts
     D:5: 1499 daAuts
     D:3: 1108 daAuts
     D:8: 1055 daAuts
     D:1: 951 daAuts
  Temple: 14 daAuts
